 Dungeon Crawl Stone Soup version 0.20-a0-1124-g2e29d97 (webtiles) character file.

147 Kikal the Chopper (level 5, -13/38 HPs)
             Began as a Mummy Wanderer on May 15, 2017.
             Was an Initiate of Gozag.
             Mangled by an ogre
             ... wielding a +0 giant club
              (18 damage)
             ... on level 4 of the Dungeon.
             The game lasted 00:16:34 (3818 turns).

Kikal the Chopper (Mummy Wanderer)                  Turns: 3818, Time: 00:16:35

Health: -13/38     AC:  8    Str: 19    XL:     5   Next: 7%
Magic:  7/7        EV:  9    Int: 12    God:    Gozag
Gold:   283        SH:  0    Dex:  8    Spells: 6/6 levels left

rFire    . . .     SeeInvis .   b - +0 hand axe
rCold    . . .     Gourm    .   (no shield)
rNeg     + + +     Faith    .   a - +2 scale mail
rPois    ∞         Spirit   .   (no helmet)
rElec    .         Reflect  .   (no cloak)
rCorr    .         Harm     .   (no gloves)
MR       .....                  (no boots)
Stlth    ..........             (no amulet)
Regen    0.2/turn               n - ring of fire
MPRegen  0.1/turn               (no ring)

@: gold aura
A: no food or potions, fire vulnerability, cold resistance 1, negative energy
resistance 3, torment resistance, unbreathing
a: Potion Petition, Call Merchant, Bribe Branch, Renounce Religion


You were on level 4 of the Dungeon.
You worshipped Gozag.
Gozag was aware of your devotion.
You were not hungry.

You visited 1 branch of the dungeon, and saw 4 of its levels.

You collected 294 gold pieces.
You paid 11 gold pieces to Gozag.

Inventory:

Hand Weapons
 b - a +0 hand axe (weapon)
Missiles
 f - 3 javelins
 j - 119 stones (quivered)
Armour
 a - a +2 scale mail (worn)
 e - a +0 helmet
 g - a +0 ring mail
Jewellery
 n - a ring of fire (left hand)
Wands
 m - a wand of iceblast (9/15)
Scrolls
 d - 2 scrolls of enchant armour {unknown}
 h - 3 scrolls of remove curse {unknown}
 i - 2 scrolls of identify {unknown}
 k - a scroll of enchant weapon {unknown}
 l - a scroll of recharging {unknown}
 o - a scroll of fog {unknown}
 p - 2 scrolls of magic mapping {unknown}
Books
 c - Sif Muna's Tome of Self-Knowledge

   Spells                             Type                      Level
   a - Infusion                       Charms                       1
   b - Ozocubu's Armour               Charms/Ice                   3


   Skills:
 + Level 1.8 Fighting
 * Level 3.4 Axes
 - Level 2.0 Armour
 - Level 1.0 Stealth
   Level 1.0 Shields
 - Level 1.3 Spellcasting
   Level 1.5 Translocations
   Level 1.5 Poison Magic


You had 6 spell levels left.
You didn't know any spells.

Dungeon Overview and Level Annotations

Branches:
Dungeon (4/15)
 Temple: D:4-7

Altars:
Cheibriados
Gozag
Makhleb
Sif Muna
Trog

Shops:
D:2 *

Annotations:
D:2 expansive shop


Innate Abilities, Weirdness & Mutations

You do not eat or drink.
Your flesh is vulnerable to fire.
You are immune to poison.
Your flesh is cold resistant. (rC+)
You are immune to negative energy. (rN+++)
You are immune to unholy pain and torment.
You can survive without breathing.


Message History

You take 5 damage, and have 18/38 hp.
You barely miss the ogre.
The ogre is lightly wounded.
The ogre is distracted by the nearby gold.
The ogre shouts!
You hit the ogre.
The ogre is no longer distracted by gold.
The ogre is lightly wounded.
The ogre hits you with a giant club!
* * * LOW HITPOINT WARNING * * *
You take 13 damage, and have 5/38 hp.
MASSIVE DAMAGE!!
Okay, then.
You hit the ogre.
The ogre is moderately wounded.
The ogre closely misses you.
You barely miss the ogre.
The ogre is moderately wounded.
The ogre hits you with a giant club!!
You die...
Your body crumbles into a pile of gold.

.##...# #
....... #.
#.....
#.###....
#....#.# $
##..<#
#..###
#######..'_+
.......@.###
#######O#.#
#.#.# #.#.#
#...# .....
#.... #...


You could see an ogre.

Vanquished Creatures
  4 adders
  A gnoll (D:1)
  4 worms
  4 dart slugs (D:2)
  2 leopard geckos (D:1)
  5 orcs (D:3)
  10 bats
  4 giant cockroaches (D:1)
  6 goblins
  6 hobgoblins
  4 jackals (D:1)
  10 kobolds
  A quokka (D:3)
  3 ball pythons
  8 frilled lizards
  A giant cockroach zombie (D:4)
  3 rats (D:3)
76 creatures vanquished.

Notes
Turn   | Place    | Note
-------+----------+-------------------------------------------
     0 | D:1      | Kikal the Mummy Wanderer began the quest for the Orb.
     0 | D:1      | Kikal set off with: a +2 scale mail, a +0 hand axe, Sif Muna's Tome of Self-Knowledge
     0 | D:1      | Reached XP level 1. HP: 13/13 MP: 2/2
     1 | D:1      | Identified Sif Muna's Tome of Self-Knowledge
   189 | D:1      | Reached XP level 2. HP: 18/19 MP: 4/4
   211 | D:1      | Reached skill level 2 in Axes
   618 | D:1      | Reached XP level 3. HP: 24/24 MP: 5/5
  1675 | D:2      | Reached XP level 4. HP: 15/31 MP: 6/6
  1992 | D:2      | Reached skill level 1 in Fighting
  2126 | D:2      | Found an opulent altar of Gozag.
  2129 | D:2      | Found Gozag's Platinum Reserve.
  2148 | D:2      | Became a worshipper of Gozag Ym Sagoz the Greedy
  2217 | D:2      | Found a snail-covered altar of Cheibriados.
  2353 | D:3      | Reached skill level 3 in Axes
  2953 | D:3      | Found a burning altar of Makhleb.
  2969 | D:3      | Found a bloodstained altar of Trog.
  2984 | D:3      | Noticed a phantom
  3493 | D:3      | Reached XP level 5. HP: 38/38 MP: 7/7
  3801 | D:4      | Found a deep blue altar of Sif Muna.
  3803 | D:4      | Noticed an ogre
  3818 | D:4      | Mangled by an ogre

Vault maps used:
D:1:      dpeg_arrival_short_road, st_stairs_11, corexii_leaking_fountain
D:2:      nicolae_gozag_zags_fifth_avenue, kennysheep_slug_shrine, first_bread,
          minmay_misc_feat_square, kennysheep_boxes
D:3:      marbit_many_paths, lemuel_round_altar
D:4:      okawaru_ov_weapons_minmay, nicolae_ru_path_of_blood, kennysheep_mini,
          serial_undead, serial_undead_e, serial_undead_d, serial_undead_b,
          serial_undead_d

Skill      XL: |  1  2  3  4 |
---------------+-------------+-----
Axes           | 2 3 |  3.4
Armour         | 2 |  2.0
Fighting       | 1 |  1.8
Stealth        | |  1.0
Shields        | |  1.0
Spellcasting   | |  1.3
Translocations | |  1.5
Poison Magic   | |  1.5

Action                   |  1- 3 |  4- 6 || total
-------------------------+-------+-------++-------
Melee: Hand axe          |   159 |   201 ||   360
Throw: Stone             |       |     5 ||     5
Invok: Potion Petition   |       |     1 ||     1
 Stab: Distracted        |       |     1 ||     1
Armor: Scale mail        |    93 |    50 ||   143
Dodge: Dodged            |   100 |    94 ||   194
